 Dungeon Crawl Stone Soup version 0.25.1-2-g60ff931df9 (webtiles) character file.

Game seed: 9025867706176280601

91 gruber the Cutter (level 4, -5/42 HPs)
             Began as a Kobold Berserker on Sept 28, 2020.
             Was a Follower of Trog.
             Slain by a gnoll
             ... wielding a +2 spear of venom
              (6 damage)
             ... on level 2 of the Dungeon.
             The game lasted 00:00:41 (989 turns).

gruber the Cutter (Kobold Berserker)                 Turns: 989, Time: 00:00:41

Health: -5/42      AC:  2    Str: 15    XL:     4   Next: 87%
Magic:  4/4        EV: 15    Int:  8    God:    Trog [*.....]
Gold:   59         SH:  0    Dex: 14    Spells: 3/3 levels left

rFire    . . .     SeeInvis .   h - +2 short sword (flame)
rCold    . . .     Gourm    .   (shield restricted)
rNeg     . . .     Faith    .   b - +0 animal skin
rPois    .         Spirit   .   (no helmet)
rElec    .         Reflect  .   (no cloak)
rCorr    .         Harm     .   (no gloves)
MR       .....                  (no boots)
Stlth    ..........             (no amulet)
HPRegen  0.14/turn              (no ring)
MPRegen  0.09/turn              (no ring)

@: berserking (expiring), very quick
A: small, carnivore
a: Berserk, Renounce Religion


You were on level 2 of the Dungeon.
You worshipped Trog.
Trog was aware of your devotion.
You were very full.

You visited 1 branch of the dungeon, and saw 2 of its levels.

You collected 59 gold pieces.

Inventory:

Hand Weapons
 h - a +2 short sword of flaming (weapon)
Armour
 b - a +0 animal skin (worn)
Scrolls
 a - a scroll of blinking {unknown}
 d - 2 scrolls of magic mapping {unknown}
 e - 2 scrolls of identify {unknown}
 g - a scroll of immolation {unknown}
 i - a scroll of noise {unknown}
 j - a scroll of remove curse {unknown}
Comestibles
 c - 2 rations


   Skills:
 - Level 3.2 Fighting
 + Level 6.9 Short Blades
 - Level 1.5 Armour
 - Level 2.4 Dodging


You had 3 spell levels left.
You didn't know any spells.
Your spell library was empty.

Dungeon Overview and Level Annotations

Branches:
Dungeon (2/15)

Altars:


Innate Abilities, Weirdness & Mutations

You are small and have problems with some larger weapons.
You are carnivorous and can eat meat at any time.


Message History

The gnoll sergeant blocks your attack.
The gnoll sergeant is moderately wounded.
You closely miss the gnoll sergeant.
The gnoll sergeant is moderately wounded.
The gnoll sergeant barely misses you. The gnoll closely misses you.
You puncture the gnoll sergeant! You burn the gnoll sergeant.
The gnoll sergeant is almost dead.
The gnoll hits you from afar with a +2 spear of venom!
* * * LOW HITPOINT WARNING * * *
The gnoll sergeant hits you with a +0 spear.
* * * LOW HITPOINT WARNING * * *
You closely miss the gnoll sergeant.
The gnoll sergeant is almost dead.
You puncture the gnoll sergeant! You burn the gnoll sergeant.
You kill the gnoll sergeant!
Trog accepts your kill.
Your Short Blades skill increases to level 6!
You have reached level 4!
The gnoll hits you from afar with a +2 spear of venom.
You die...

..# #... #..#
#..# #..#
##############
#..#
...ggg)@.....#
####..###
##.#####†###.#
#.......# #.#
#.# #.##..#.#
#.#
#.###.##..#.#
#.#
#.....##..#.#
#.#
####..##..#.#
#.# #..##.....
#.# #..###.#.#
...# #....


You could see 3 gnolls.

Vanquished Creatures
  A gnoll sergeant (D:2)
  A gnoll (D:2)
  An ooze (D:1)
  A leopard gecko (D:1)
  A giant cockroach (D:1)
  2 goblins (D:1)
  2 hobgoblins
  3 bats (D:1)
  A rat (D:2)
13 creatures vanquished.

Notes
Turn   | Place    | Note
-------+----------+-------------------------------------------
     0 | D:1      | gruber the Kobold Berserker began the quest for the Orb.
     0 | D:1      | Reached XP level 1. HP: 14/14 MP: 1/1
   246 | D:1      | Reached XP level 2. HP: 18/19 MP: 2/2
   274 | D:1      | Reached skill level 5 in Short Blades
   977 | D:2      | Noticed a gnoll sergeant
   981 | D:2      | Reached XP level 3. HP: 15/23 MP: 3/3
   987 | D:2      | HP: 1/34 [gnoll sergeant/+0 spear (3)]
   989 | D:2      | Killed a gnoll sergeant
   989 | D:2      | Reached skill level 6 in Short Blades
   989 | D:2      | Reached XP level 4. HP: 1/28 MP: 4/4
   989 | D:2      | Slain by a gnoll

Illustrated notes

Levels and vault maps discovered:
D:1:      tarquinn_simple_flora_water_b, layout_basic
D:2:      layout_loops_ring, elyvilon_altar_5, uniq_sigmund

Skill      XL: |  1  2  3 |
---------------+----------+-----
Short Blades   | 5 6 |  6.9
Fighting       | |  3.2
Armour         | |  1.5
Dodging        | |  2.4

Action                   |  1- 3 |  4- 6 || total
-------------------------+-------+-------++-------
Melee: Short sword       |    50 |       ||    50
Invok: Berserk           |     1 |       ||     1
 Stab: Sleeping          |     1 |       ||     1
  Eat: Chunk             |     8 |       ||     8
Armor: Animal skin       |    11 |       ||    11
Dodge: Dodged            |    39 |       ||    39
